Map: Backwater LE

Players

THELAMPSHADE

  • Race: Zerg Zerg
  • League: Platinum
  • Spawn Location: 5:00

lasticot - Winner!

  • Race: Protoss Protoss
  • League: Platinum
  • Spawn Location: 11:00

VOD

Have the link to the VOD?

Description

Time

  • Played on: May 5, 2018, 3:52 a.m.
  • Length: 13:10
Show
View Real Time Build Order
Export as new Build Order

THELAMPSHADE Zerg 

Build Orders: Hatch First 

Get SALT Encoding   

  12  0:01  Drone  
  13  0:12  Overlord  
  13  0:17  Drone  
  14  0:33  Drone x2  
  16  0:39  Drone  
  17  0:55  Hatchery  
  16  0:57  Drone  
  16  1:02  Drone  
  18  1:04  Extractor  
  17  1:17  Spawning Pool  
  16  1:18  Drone  
  16  1:24  Drone  
  18  1:32  Drone  
  19  1:40  Overlord  
  19  2:05  Zergling x4  
  19  2:06  Queen  
  19  2:07  Queen  
  25  2:10  Metabolic Boost  
  25  2:13  Drone  
  26  2:17  Drone  
  26  2:20  Drone  
  28  2:28  Drone  
  28  2:29  Drone  
  30  2:32  Drone  
  31  2:50  Hatchery  
  30  2:54  Drone x2  
  30  2:58  Drone  
  33  3:00  Overlord  
  33  3:05  Drone  
  34  3:09  Overlord  
  34  3:11  Drone  
  35  3:19  Drone  
  36  3:21  Roach Warren  
  36  3:26  Zergling x4  
  37  3:28  Drone  
  37  3:29  Drone  
  37  3:30  Drone x2  
  37  3:32  Drone  
  42  3:34  Drone  
  42  3:38  Spore Crawler  
  42  3:41  Spore Crawler  
  41  3:42  Drone  
  41  3:45  Drone  
  41  3:47  Drone  
  43  4:00  Overlord x2  
  43  4:02  Drone  
  44  4:03  Queen, Drone  
  44  4:04  Drone  
  44  4:05  Drone  
  44  4:08  Extractor  
  47  4:13  Roach x2  
  47  4:16  Overlord  
  51  4:20  Drone  
  51  4:23  Baneling Nest  
  51  4:38  Spore Crawler, Drone x8  
  54  4:43  Overlord x2  
  58  4:47  Drone x2  
  58  4:49  Queen  
  58  4:50  Drone  
  58  4:52  Drone  
  64  4:53  Drone  
  64  4:56  Drone x2  
  67  5:01  Lair  
  67  5:06  Roach x2  
  71  5:07  Drone  
  71  5:08  Drone  
  71  5:11  Drone  
  74  5:21  Drone  
  75  5:29  Extractor, Hatchery  
  75  5:30  Queen  
  75  5:33  Queen  
  75  5:34  Drone x2  
  79  5:38  Drone  
  79  5:39  Roach, Evolution Chamber  
  79  5:40  Roach  
  79  5:41  Evolution Chamber, Drone  
  79  5:42  Drone  
  84  5:43  Drone  
  84  5:47  Extractor  
  84  5:48  Spore Crawler  
  84  5:50  Spine Crawler  
  84  5:53  Spine Crawler  
  82  5:59  Drone x3  
  82  6:00  Drone  
  82  6:01  Drone  
  82  6:02  Drone x2  
  89  6:06  Overlord x3  
  89  6:10  Hydralisk Den, Drone  
  89  6:15  Overlord x3  
  89  6:21  Extractor  
  89  6:24  Zerg Missile Weapons Level 1  
  89  6:25  Zerg Ground Armor Level 1  
  88  6:32  Extractor, Drone x6  
  93  6:39  Zergling x14  
  100  6:45  Zergling x4  
  98  6:50  Roach x2  
  99  6:56  Roach x5  
  109  7:03  Zergling x4  
  109  7:06  Overlord  
  111  7:13  Overlord  
  111  7:15  Overlord x2  
  111  7:17  Overlord  
  111  7:18  Overlord x2  
  107  7:28  Zergling x4  
  100  7:38  Zergling x8  
  101  7:45  Drone  
  101  7:46  Drone  
  101  7:47  Lair  
  104  7:51  Drone  
  104  7:52  Drone  
  104  7:54  Queen  
  104  7:57  Hatchery  
  106  7:59  Queen  
  108  8:11  Extractor x2  
  106  8:25  Overlord  
  106  8:29  Queen  
  108  8:34  Queen  
  108  8:38  Zerg Melee Weapons Level 1  
  110  8:46  Zerg Missile Weapons Level 2  
  110  9:00  Hydralisk Den  
  109  9:04  Infestation Pit  
  109  9:05  Glial Reconstitution, Queen  
  109  9:08  Zergling x20  
  109  9:09  Zergling x10  
  125  9:10  Drone x6  
  131  9:20  Roach  
  131  9:21  Roach x2  
  137  9:26  Hatchery  
  137  9:29  Queen  
  138  9:32  Baneling x9  
  138  9:37  Roach x2  
  140  9:53  Hydralisk x3  
  146  10:00  Spore Crawler  
  146  10:01  Spine Crawler  
  146  10:05  Spine Crawler, Queen  
  146  10:06  Hydralisk  
  145  10:07  Hydralisk x2  
  145  10:12  Extractor  
  150  10:20  Lair  
  150  10:27  Hydralisk x4  
  158  10:32  Grooved Spines  
  158  10:36  Drone x2  
  158  10:37  Drone x5  
  158  10:40  Queen  
  167  10:52  Overseer  
  167  11:02  Overseer x3  
  167  11:06  Hydralisk x3  
  173  11:29  Overlord x5  
  173  11:46  Queen  
  173  11:48  Pneumatized Carapace  
  173  11:49  Hydralisk  
  173  11:50  Hydralisk x11  
  199  12:06  Roach x9  
  198  12:25  Overlord  
  198  12:26  Overlord x4  
  188  12:36  Roach x5  
  136  12:39  Roach  
  96  12:47  Roach  
  96  12:48  Roach x3  
Show
View Real Time Build Order
Export as new Build Order

lasticot Protoss - Winner!

Build Orders: 1 Gate Expand 

Get SALT Encoding   

  12  0:01  Probe  
  13  0:13  Probe  
  14  0:24  Pylon  
  14  0:27  Probe  
  15  0:45  Gateway, Probe  
  16  0:53  Probe  
  17  1:06  Probe  
  18  1:14  Assimilator  
  18  1:15  Probe  
  18  1:24  Probe  
  20  1:33  Cybernetics Core  
  20  1:42  Nexus  
  20  1:44  Probe  
  21  1:52  Assimilator  
  21  2:00  Pylon  
  21  2:06  Adept  
  23  2:18  Probe  
  24  2:27  Stalker  
  24  2:30  Warp Gate, Probe  
  27  2:56  Probe x2  
  29  3:09  Pylon  
  29  3:16  Robotics Facility, Probe x2  
  31  3:20  Twilight Council  
  31  3:28  Probe x2  
  33  3:37  Gateway, Probe x2  
  33  3:38  Gateway  
  35  3:45  Probe x2  
  35  3:50  Charge  
  35  3:55  Probe  
  37  3:56  Probe  
  37  3:57  Observer  
  39  4:03  Pylon  
  39  4:07  Probe  
  41  4:21  Gateway  
  41  4:22  Gateway  
  41  4:35  Probe x2  
  41  4:36  Warp Prism  
  45  4:52  Assimilator  
  45  4:57  Assimilator  
  45  4:58  Pylon  
  45  5:06  Nexus  
  45  5:08  Zealot  
  45  5:09  Zealot x2  
  45  5:11  Pylon  
  51  5:20  Immortal  
  55  5:22  Zealot  
  57  5:34  Stalker x3  
  57  5:35  Stalker  
  65  5:45  Probe x2  
  67  5:53  Zealot  
  69  5:57  Probe  
  70  6:08  Stalker x2  
  70  6:09  Stalker x2  
  78  7:21  Immortal  
  82  7:23  Zealot x5  
  86  7:50  Probe x2  
  86  7:51  Probe  
  89  7:57  Stalker x2  
  93  8:05  Pylon  
  93  8:07  Pylon  
  93  8:08  Pylon  
  93  8:11  Pylon  
  93  8:16  Gateway  
  93  8:17  Gateway  
  93  8:19  Templar Archives  
  93  8:23  Immortal, Probe x3  
  100  8:42  Forge  
  100  8:43  Forge  
  100  8:45  Forge  
  100  8:47  Stalker  
  100  8:48  Stalker x4  
  106  8:55  Robotics Facility  
  110  8:57  Psionic Storm, Pylon  
  110  8:59  Pylon  
  110  9:07  Gateway  
  110  9:08  Gateway, Immortal  
  114  9:10  Gateway  
  114  9:13  Gateway, Probe x2  
  114  9:14  Probe  
  117  9:17  Assimilator  
  117  9:21  Assimilator  
  117  9:24  Zealot x3, Pylon  
  117  9:25  Zealot  
  117  9:27  High Templar x2  
  117  9:28  Pylon, High Templar  
  131  9:42  Protoss Ground Weapons Level 1  
  131  9:43  Protoss Ground Armor Level 1, Protoss Shields Level 1  
  129  9:58  Sentry x4  
  131  10:06  Observer  
  133  10:07  Observer  
  133  10:35  High Templar x2  
  137  10:37  Zealot x3  
  137  10:38  Zealot x5  
  137  10:39  Zealot  
  155  10:46  Robotics Bay  
  155  11:07  Nexus  
  155  11:10  Pylon  
  154  11:12  Pylon, Stalker  
  154  11:14  Pylon  
  154  11:15  Pylon  
  156  11:36  High Templar  
  156  11:37  High Templar x4  
  166  11:41  Archon  
  166  11:42  Archon  
  166  11:46  Colossus  
Tags
 
Add a new tag
Caveats
  • Supply blocks, unpowered buildings, or Contaminate may cause inaccurate times.
  • Supply counts are checked every 10 seconds.